 Seeded DCSS version 0.30-a0-916-g9813417 (webtiles) character file.

Game seed: 6546189548720569497 (custom seed)

5187 edsrzf the Grappler (level 10, -8/77 HPs)
             Began as a Green Draconian Wanderer on Apr 16, 2023.
             Was a Priest of Uskayaw.
             Mangled by an ice devil (14 damage)
             ... summoned by a kobold demonologist
             ... in a bailey on Apr 17, 2023.
             The game lasted 00:46:10 (8486 turns).

edsrzf the Grappler (Green Draconian Wanderer)      Turns: 8486, Time: 00:46:11

Health: -8/77      AC:  9    Str: 19    XL:     10   Next: 34%
Magic:  10/19      EV: 13    Int: 17    God:    Uskayaw [***...]
Gold:   394        SH:  0    Dex: 12    Spells: 5/21 levels left

rFire   . . .      SeeInvis .      - Unarmed
rCold   . . .      Faith    .    (no shield)
rNeg    . . .      Spirit   .    (body armour unavailable)
rPois   +          Reflect  .    (helmet restricted)
rElec   .          Rampage  .    B - +0 cloak
rCorr   +                        (no gloves)
Will    .....                    j - +0 pair of boots
Stlth   +                        (no amulet)
HPRegen 0.32/turn                h - ring of resist corrosion
MPRegen 0.16/turn                E - +6 ring of strength

@: short of breath, slowed, very slow
A: breathe noxious fumes, AC +7, unfitting armour, poison resistance,
cold-blooded
a: Breathe Noxious Fumes, Renounce Religion, Stomp, Line Pass


You were in a bailey.
You worshipped Uskayaw.
Uskayaw was noncommittal.
You visited 1 branch of the dungeon, and saw 7 of its levels.
You also visited: Sewer, Ossuary and Bailey.

You collected 394 gold pieces.

Inventory:

Hand Weapons
 a - a +0 club
Missiles
 k - 12 boomerangs
 r - 11 poisoned darts
 t - 3 curare-tipped darts
 z - 11 javelins
Armour
 j - a +0 pair of boots (worn)
 B - a +0 cloak (worn)
Jewellery
 h - a ring of resist corrosion (left hand)
 E - a +6 ring of strength (right hand)
 F - a ring of see invisible
 I - a ring of ice
Wands
 b - a wand of charming (2)
 c - a wand of polymorph (3) (quivered)
 C - a wand of roots (10)
 H - a wand of flame (16)
Scrolls
 g - a scroll of enchant weapon {unknown}
 i - 6 scrolls of teleportation {@r3}
 m - 2 scrolls of torment {unknown}
 o - 6 scrolls of enchant armour {unknown}
 q - 2 scrolls of fear {unknown}
 s - 2 scrolls of magic mapping {unknown}
 u - a scroll of fog {unknown}
 w - 2 scrolls of blinking {unknown}
 x - 4 scrolls of vulnerability {unknown}
 y - 2 scrolls of poison {unknown}
 D - a scroll of amnesia {unknown}
Potions
 d - 2 potions of mutation {!q}
 e - 4 potions of brilliance
 f - 9 potions of curing
 l - a potion of resistance
 n - 2 potions of invisibility
 p - 4 potions of heal wounds
 v - 3 potions of might
 A - a potion of haste
 G - 2 potions of attraction {unknown}
 J - a potion of lignification


   Skills:
 - Level 3.2 Fighting
 - Level 5.0 Dodging
 + Level 9.5 Unarmed Combat
 + Level 6.2 Spellcasting
 - Level 4.2 Hexes
 - Level 4.2 Transmutations
 - Level 3.0 Fire Magic
 - Level 5.2 Poison Magic
 - Level 3.0 Evocations


You had 5 spell levels left.
You knew the following spells:

 Your Spells              Type           Power      Damage    Failure   Level
a - Beastly Appendage     Tmut           38%        N/A       2%          1
b - Ignite Poison         Fire/Tmut/Pois 19%        N/A       7%          3
c - Confusing Touch       Hex            19%        N/A       7%          3
d - Tukima's Dance        Hex            19%        N/A       7%          3
s - Slow                  Hex            76%        N/A       2%          1
y - Yara's Violent Unrav  Hex/Tmut       9%         3d6       52%         5

Your spell library contained the following spells:

 Spells                   Type           Power      Damage    Failure   Level
 Scorch                   Fire           30%        2d7       5%          2
 Freeze                   Ice            20%        1d4       13%         1
 Frozen Ramparts          Ice            10%        1d2       36%         3
 Hailstorm                Conj/Ice       5%         3d4       36%         3
 Flame Wave               Conj/Fire      10%        2d6       54%         4
 Eringya's Noxious Bog    Tmut/Pois      10%        N/A       95%         6
 Death Channel            Necr           2%         N/A       100%        6
 Summon Cactus Giant      Summ           2%         N/A       100%        6
 Infestation              Necr           2%         N/A       100%        8


Dungeon Overview and Level Annotations

Branches:
Dungeon (7/15)              Sewer (visited)         Ossuary (visited)
 Bailey (1/1)
 Temple: D:4-7

Altars:
Dithmenos
Ru
Trog
Uskayaw
Vehumet
Zin

Shops:
D:2 [


Innate Abilities, Weirdness & Mutations

You can breathe blasts of noxious fumes.
Your lurid green scales are hard. (AC +7)
You cannot fit into any form of body armour.
Your system is resistant to poisons. (rPois)
You are cold-blooded and may be slowed by cold attacks.


Message History

Unknown command.
You hit the shadow imp.
The shadow imp is lightly wounded.
The shadow imp barely misses you.
You barely miss the shadow imp.
You claw the shadow imp, but do no damage.
The shadow imp is lightly wounded.
You hit the shadow imp but do no damage.
Your kick misses the shadow imp. Your headbutt misses the shadow imp.
The shadow imp is lightly wounded.
The kobold demonologist barely misses the orc warrior.
The shadow imp closely misses you.
You hit the shadow imp. Your kick misses the shadow imp.
Your headbutt misses the shadow imp.
The shadow imp is moderately wounded.
The kobold demonologist seems less confused.
The kobold demonologist gestures wildly while chanting.
The shadow imp misses you.
You punch the shadow imp!
You kill the shadow imp!
The shadow imp disappears in a puff of smoke!
You punch the orc warrior! Your kick misses the orc warrior.
The orc warrior is moderately wounded.
The orc warrior hits you with a +0 war axe.
Uskayaw will force your foes to helplessly watch your dance.
Uskayaw prepares the audience for your solo!
The helpless orc warrior fails to defend itself.
You punch the orc warrior! You claw the orc warrior.
You tail-slap the orc warrior.
The orc warrior is severely wounded.
The ice devil is no longer paralysed.
The helpless orc warrior fails to defend itself.
You punch the orc warrior!
You kill the orc warrior!
The kobold demonologist is no longer paralysed.
Uskayaw will force your foes to share their pain.
Uskayaw links your audience in an emotional bond!
Your horns disappear.
Your talons disappear.
Your +0 pair of boots unmelds from your body.
The gnoll is no longer paralysed.
The gnoll closely misses you.
The kobold demonologist closely misses you.
The ice devil hits you. The ice devil freezes you!
You feel yourself slow down.
There is a broken door, spattered with blood here.
Items here: )) [[ ††.
Unknown command.
You punch the kobold demonologist!
The kobold demonologist is heavily wounded.
The ice devil is no longer sharing its pain.
The gnoll is no longer sharing its pain.
The kobold demonologist is no longer sharing its pain.
The gnoll hits you but does no damage.
The kobold demonologist looks braver for a moment.
The ice devil closely misses you. The gnoll misses you.
The kobold demonologist misses you.
You punch the kobold demonologist!
Your punch misses the kobold demonologist.
The kobold demonologist is severely wounded.
You feel yourself speed up. The ice devil hits you! The ice devil freezes you!
You feel yourself slow down.
The kobold demonologist gestures wildly while chanting.
The gnoll misses you.
You completely miss the kobold demonologist.
The kobold demonologist is severely wounded.
The ice devil hits you but does no damage.
The gnoll hits you with a +0 hand axe.
The kobold demonologist hits you but does no damage.
The crimson imp hits you but does no damage.
The ice devil closely misses you.
You stomp with the beat, sending a shockwave through the revellers around you!
You kill the gnoll!
The crimson imp is moderately wounded.
The ice devil is heavily wounded.
The kobold demonologist is almost dead.
You feel yourself speed up.
The kobold demonologist begins to cast a cantrip, but forgets the words!
The crimson imp barely misses you.
The ice devil hits you but does no damage.
The kobold demonologist hits you but does no damage.
Uskayaw will force your foes to share their pain.
Unknown command.
You stomp with the beat, sending a shockwave through the revellers around you!
The crimson imp is severely wounded.
The ice devil is severely wounded.
The kobold demonologist is almost dead.
The crimson imp hits you but does no damage.
The ice devil hits you!
* * * LOW HITPOINT WARNING * * *
The ice devil freezes you!
You feel yourself slow down.
* * * LOW HITPOINT WARNING * * *
The kobold demonologist hits you with a +0 war axe.
* * * LOW HITPOINT WARNING * * *
You stomp with the beat, sending a shockwave through the revellers around you!
The crimson imp is moderately wounded.
The crimson imp is almost dead.
The ice devil is almost dead.
The kobold demonologist is almost dead.
The crimson imp misses you.
The crimson imp blinks!
The ice devil hits you.
* * * LOW HITPOINT WARNING * * *
The ice devil freezes you!
You feel as though you will be slow longer.
You die...

≈≈≈≈≈###..######.######.)###≈≈≈≈≈
≈≈≈≈≈#..).#[[.#...#.))#....#≈≈≈≈≈
≈≈≈≈≈#....#[[.#...#.))#....#≈≈≈≈≈
≈≈≈≈≈#'#)##+###8.8###+##)#'#≈≈≈≈≈
≈≈≈≈≈~.#).# #...# #..#.~≈≈≈≈≈
≈≈≈≈≈~.#).# #8.8# #).#.~≈≈≈≈≈
≈≈≈≈≈~.#).# #...# #).#.~≈≈≈≈≈
≈≈≈≈≈~.#.)# #.5.# #))#.~≈≈≈≈≈
≈≈≈≈≈~.#..# ##@## #))#.~≈≈≈≈≈
≈≈≈≈≈~.##'#....K§4....#)##.~≈≈≈≈≈
≈≈≈≈≈~.#..#....._.....#..#.~≈≈≈≈≈
≈≈≈≈≈~.#.8#...........#8.#.~≈≈≈≈≈
≈≈≈≈≈~.#..#.........5.#..#.~≈≈≈≈≈
≈≈≈≈≈~.#.8#############8.#.~≈≈≈≈≈
≈≈≈≈≈~.#.....#######...).#.~≈≈≈≈≈
≈≈≈≈≈~.#.8...#.....#...8)#.~≈≈≈≈≈
≈≈≈≈≈~.#.....#.....#.....#.~≈≈≈≈≈


You could see an ice devil (summoned), a kobold demonologist and 2 crimson imps.

Vanquished Creatures
  An orc knight (Bailey)
  A kobold demonologist (Bailey)
  Grinder (D:4)
  The ghost of dontdoit the Chiller, an amateur GrIE (D:4)
  3 ice beasts
  14 orc warriors
  A sky beast (D:7)
  3 black bears
  2 ogres
  A centaur (D:7)
  2 phantoms (D:6)
  2 kobold brigands
  5 scorpions
  3 bullfrogs
  4 electric eels (Bailey)
  A howler monkey (D:2)
  2 hounds (D:4)
  A centaur zombie (Ossuary)
  2 human zombies (Ossuary)
  A jelly (D:6)
  2 orc priests
  Crazy Yiuf (D:2)
  2 sleepcaps (D:4)
  An iguana (D:5)
  4 orc wizards
  4 mummies (Ossuary)
  11 gnolls
  12 adders
  7 river rats (Sewer)
  A white imp (D:6)
  3 worms
  6 dart slugs
  34 orcs
  15 ball pythons
  6 endoplasms
  A giant cockroach (D:3)
  2 gnoll zombies (Ossuary)
  10 hobgoblins
  16 kobolds
  4 quokkas
  6 bats
  3 frilled lizards
  22 goblins
  A hobgoblin zombie (Ossuary)
  A kobold zombie (Ossuary)
  An orc zombie (Ossuary)
  29 rats
256 creatures vanquished.

Vanquished Creatures (collateral kills)
  A bullfrog (Sewer)
  A howler monkey (D:5)
  A gnoll (D:4)
  An endoplasm (Sewer)
  A frilled lizard (Sewer)
5 creatures vanquished.

Vanquished Creatures (others)
  12 plants (D:2)
12 creatures vanquished.

Grand Total: 273 creatures vanquished

Notes
Turn   | Place    | Note
-------+----------+-------------------------------------------
     0 | D:1      | edsrzf the Draconian Wanderer began the quest for the Orb.
     0 | D:1      | edsrzf set off with the following items: a +0 club, a
                  | potion of might, a wand of polymorph (6); and the following
                  | spells available to memorise: Slow, Beastly Appendage,
                  | Confusing Touch, Tukima's Dance, Ignite Poison.
     0 | D:1      | Reached XP level 1. HP: 14/14 MP: 3/3
     2 | D:1      | Learned a level 1 spell: Beastly Appendage
   154 | D:1      | Reached skill level 1 in Unarmed Combat
   213 | D:1      | Found a faded altar of an unknown god.
   283 | D:1      | Prayed at the altar of an unknown god.
   283 | D:1      | Became a worshipper of Uskayaw the Reveller
   283 | D:1      | Reached * piety under Uskayaw
   298 | D:1      | Reached ** piety under Uskayaw
   299 | D:1      | Reached XP level 2. HP: 20/20 MP: 3/5
   395 | D:1      | Identified 2 potions of curing
   571 | D:1      | Reached skill level 2 in Unarmed Combat
   917 | D:2      | Noticed Jessica
   926 | D:2      | Jessica changed into Jessica the quokka
   926 | D:2      | Noticed Jessica
   932 | D:2      | Killed Jessica the quokka
   950 | D:2      | Found Rinunt's Antique Armour Shoppe.
   982 | D:2      | Noticed Robin
  1003 | D:2      | Reached XP level 3. HP: 15/26 MP: 6/6
  1004 | D:2      | Robin changed into Robin the howler monkey
  1004 | D:2      | Noticed Robin
  1016 | D:2      | Identified 2 potions of degeneration
  1021 | D:2      | Killed Robin the howler monkey
  1022 | D:2      | Reached skill level 3 in Unarmed Combat
  1029 | D:2      | Reached XP level 4. HP: 11/33 MP: 3/7
  1029 | D:2      | Reached *** piety under Uskayaw
  1036 | D:2      | Reached **** piety under Uskayaw
  1282 | D:2      | Identified 2 scrolls of identify
  1282 | D:2      | Identified a potion of mutation
  1283 | D:2      | Identified a potion of brilliance
  1635 | D:2      | Found a runed translucent door.
  1636 | D:2      | Noticed Crazy Yiuf
  1653 | D:2      | Identified 2 scrolls of teleportation
  1688 | D:2      | Learned a level 1 spell: Slow
  1692 | D:2      | Learned a level 3 spell: Confusing Touch
  1734 | D:3      | Identified a potion of lignification
  1769 | D:3      | Reached skill level 1 in Fighting
  1807 | D:3      | Reached skill level 4 in Unarmed Combat
  1906 | D:3      | Identified a scroll of noise
  2038 | D:3      | Found a glowing drain.
  2057 | Sewer    | Entered a sewer
  2146 | Sewer    | Reached skill level 3 in Hexes
  2146 | Sewer    | Reached XP level 5. HP: 38/40 MP: 6/8
  2557 | Sewer    | Reached skill level 3 in Spellcasting
  2687 | Sewer    | Reached XP level 6. HP: 18/47 MP: 10/10
  2866 | Sewer    | Identified 2 potions of resistance
  2868 | Sewer    | Identified 2 potions of heal wounds
  2878 | Sewer    | Reached skill level 4 in Hexes
  2878 | Sewer    | Reached skill level 3 in Transmutations
  3435 | D:4      | Identified a potion of invisibility
  3527 | D:4      | Your scales start taking on a lurid green colour.
  3527 | D:4      | Reached XP level 7. HP: 36/52 MP: 11/11
  3527 | D:4      | Gained mutation: Your system is resistant to poisons.
                  | (rPois) [Green Draconian growth]
  3671 | D:4      | Noticed Grinder
  3679 | D:4      | Reached skill level 4 in Transmutations
  3684 | D:4      | Paralysed by Grinder for 3 turns
  3691 | D:4      | Killed Grinder
  3692 | D:4      | Reached skill level 1 in Dodging
  3692 | D:4      | Reached skill level 5 in Unarmed Combat
  3800 | D:4      | Reached skill level 2 in Dodging
  4202 | D:4      | Found a runed translucent gate.
  4202 | D:4      | Found a runed translucent gate.
  4202 | D:4      | Found a runed translucent gate.
  4202 | D:4      | Noticed dontdoit's ghost (amateur GrIE)
  4569 | D:2      | Killed Crazy Yiuf
  4819 | D:4      | Killed dontdoit's ghost
  4820 | D:4      | Reached skill level 3 in Dodging
  4820 | D:4      | Reached skill level 6 in Unarmed Combat
  4820 | D:4      | Reached XP level 8. HP: 29/59 MP: 3/12
  5069 | D:5      | Entered Level 5 of the Dungeon
  5122 | D:5      | Identified a potion of haste
  5225 | D:5      | Reached skill level 4 in Dodging
  5329 | D:5      | Found a sand-covered staircase.
  5338 | Ossuary  | Entered an ossuary
  5569 | Ossuary  | Reached skill level 7 in Unarmed Combat
  5909 | D:5      | Learned a level 3 spell: Tukima's Dance
  5937 | D:5      | Reached skill level 5 in Dodging
  6130 | D:6      | Found a radiant altar of Vehumet.
  6132 | D:6      | Found a sacrificial altar of Ru.
  6134 | D:6      | Found a shadowy altar of Dithmenos.
  6136 | D:6      | Found a glowing silver altar of Zin.
  6136 | D:6      | Found a bloodstained altar of Trog.
  6137 | D:6      | Found a hide-covered altar of Uskayaw.
  6149 | D:6      | Reached skill level 2 in Fighting
  6312 | D:6      | Reached XP level 9. HP: 39/68 MP: 13/13
  6314 | D:6      | Reached skill level 8 in Unarmed Combat
  6317 | D:6      | Reached ***** piety under Uskayaw
  6319 | D:6      | Reached skill level 3 in Fighting
  6323 | D:6      | Learned a level 3 spell: Ignite Poison
  6425 | D:6      | Reached skill level 1 in Poison Magic
  6441 | D:6      | Reached skill level 2 in Poison Magic
  6454 | D:6      | Reached skill level 3 in Poison Magic
  6511 | D:6      | Found a runed translucent door.
  6559 | D:6      | Reached skill level 4 in Poison Magic
  6849 | D:6      | Reached skill level 5 in Poison Magic
  7113 | D:6      | Reached skill level 1 in Fire Magic
  7375 | D:7      | Reached skill level 2 in Fire Magic
  7445 | D:7      | Reached skill level 4 in Spellcasting
  7490 | D:7      | Found a flagged portal.
  7505 | Bailey   | Entered a bailey
  7617 | Bailey   | Reached skill level 3 in Fire Magic
  7736 | Bailey   | Acquired edsrzf's Dissertation on the Fluctuating Damned
  7745 | Bailey   | Learned a level 5 spell: Yara's Violent Unravelling
  7787 | Bailey   | Reached skill level 5 in Spellcasting
  7847 | Bailey   | Reached XP level 10. HP: 32/77 MP: 13/17
  8056 | Bailey   | Noticed an orc knight
  8110 | Bailey   | Killed an orc knight
  8111 | Bailey   | Reached skill level 9 in Unarmed Combat
  8462 | Bailey   | Found an iron altar of Okawaru.
  8472 | Bailey   | Reached skill level 6 in Spellcasting
  8486 | Bailey   | Mangled by an ice devil

Illustrated notes

Levels and vault maps discovered:
D:1:      beargit_arrival_diablo_church, layout_loops_ring,
          nicolae_ecumenical_snake_handling, minmay_tetromino_t4
D:2:      layout_loops_ring, serial_shops, nicolae_shop_overgrown_old_shop,
          serial_bayou, serial_bayou_crossing, serial_bayou_ford_a,
          serial_bayou_shore_a, serial_bayou_pond_a, uniq_crazy_yiuf_cottage,
          uniq_robin, uniq_jessica
D:3:      layout_loops_ring, gup_sewer_entry_bubbles, minmay_box_of_dots
D:4:      layout_cave_pools, gammafunk_ghost_nasty_kobolds, dk_noncrumbling_2,
          uniq_grinder
D:5:      layout_rooms, chequers_ossuary_entry_cave
D:6:      layout_basic, grunt_temple_overflow_open, lightli_church_of_beogh
D:7:      layout_basic, led_sif_pool, minmay_temple_entry_poolview,
          enter_bailey_3
Bailey:   bailey_axe_of_yendor_kennysheep, bailey

Skill      XL: |  1  2  3  4  5  6  7  8  9 10 |
---------------+-------------------------------+-----
Unarmed Combat | 1 2 3 4 6 7 8 9 |  9.5
Fighting       | 1 2 3 |  3.2
Hexes          | 3 4 |  4.2
Spellcasting   | 3 5 6 |  6.2
Transmutations | 3 4 |  4.2
Dodging        | 3 5 |  5.0
Poison Magic   | 5 |  5.2
Fire Magic     | 3 |  3.0
Evocations     | |  3.0

Action                     |  1- 3 |  4- 6 |  7- 9 | 10-12 || total
---------------------------+-------+-------+-------+-------++-------
  Melee: Unarmed           |    81 |   290 |   368 |    60 ||   799
         Tailslap          |    11 |    19 |    69 |    17 ||   116
         Kick              |    10 |    36 |    99 |    27 ||   172
         Headbutt          |     7 |    28 |    58 |    15 ||   108
         Punch             |     1 |     7 |    13 |       ||    21
  Throw: Dart              |       |     1 |     6 |       ||     7
   Cast: Beastly Appendage |    13 |    30 |    41 |     4 ||    88
         Slow              |       |       |    11 |       ||    11
         Confusing Touch   |       |       |     2 |     1 ||     3
         Ignite Poison     |       |       |     3 |       ||     3
         Tukima's Dance    |       |       |       |     1 ||     1
 Invoke: Line Pass         |     1 |       |       |       ||     1
         Stomp             |       |       |       |     3 ||     3
Ability: Breathe Noxious F |       |       |    13 |     4 ||    17
  Evoke: Wand              |     3 |     3 |     4 |     5 ||    15
    Use: Potion            |     5 |     4 |     1 |     1 ||    11
         Scroll            |       |     6 |     3 |       ||     9
   Stab: Sleeping          |       |     3 |     1 |       ||     4
         Paralysed         |       |     2 |     8 |     3 ||    13
         Confused          |       |       |    10 |     5 ||    15
 Armour: Skin              |    29 |    97 |    82 |     9 ||   217
  Dodge: Dodged            |    55 |   194 |   188 |    23 ||   460

Table legend: (Time is in decaauts)
 A = Elapsed time spent in this place.
 B = Non-inter-level travel time spent in this place.
 C = Inter-level travel time spent in this place.
 D = Time resting spent in this place.
 E = Time spent auto-exploring this place.
 F = Levels seen in this place.
 G = Mean time per level.
                   A        B        C        D        E       F      G
               +--------+--------+--------+--------+--------+-----+--------+
         Total |   8536 |   8268 |    268 |   1381 |   4160 |  10 |  853.6 |
       Dungeon |   6257 |   5989 |    268 |    716 |   3332 |   7 |  893.9 |
         Sewer |    954 |    954 |      0 |    434 |    190 |   1 |  954.0 |
       Ossuary |    358 |    358 |      0 |     16 |    178 |   1 |  358.0 |
        Bailey |    966 |    966 |      0 |    215 |    459 |   1 |  966.0 |
               +--------+--------+--------+--------+--------+-----+--------+

Top non-repeatable levels by time:
     D:4: 1345 daAuts
     D:6: 1191 daAuts
     D:2: 1124 daAuts
  Bailey: 966 daAuts
   Sewer: 954 daAuts
     D:1: 893 daAuts
     D:3: 847 daAuts
     D:5: 621 daAuts
 Ossuary: 358 daAuts
     D:7: 234 daAuts
